 Dungeon Crawl Stone Soup version 0.19.4-9-g45fd643 (webtiles) character file.

4445 Gargoyl the Cudgeler (level 10, -7/85 (86) HPs)
             Began as a Ghoul Abyssal Knight on Feb 18, 2017.
             Was an Elder of Lugonu.
             Mangled by a komodo dragon (18 damage)
             ... on level 8 of the Dungeon.
             The game lasted 00:14:53 (6301 turns).

Gargoyl the Cudgeler (Ghoul Abyssal Knight)         Turns: 6301, Time: 00:14:53

HP:   -7/85 (86)    AC: 20    Str: 17    XL:     10   Next: 37%
MP:   19/19         EV:  4    Int:  7    God:    Lugonu [****..]
Gold: 484           SH: 13    Dex: 11    Spells: 0 memorised, 9 levels left

rFire  . . .     SeeInvis .     u - +8 whip
rCold  + . .     Gourm    .     L - +0 plate armour
rNeg   + + +     Faith    .     B - +0 shield
rPois  ∞         Spirit   .     n - +2 hat
rElec  .         Reflect  +     t - +2 cloak
rCorr  .         Harm     .     (no gloves)
MR     .....                    q - +1 pair of boots
Stlth  ..........               e - +4 amulet of reflection
                                (no ring)
                                i - ring of magical power

@: rotting
A: rotting body, claws 1, carnivore 3, cold resistance 1, negative energy
resistance 3, slow regeneration 1, torment resistance, unbreathing
a: Depart the Abyss, Bend Space, Banish, Corrupt, Renounce Religion


You were on level 8 of the Dungeon.
You worshipped Lugonu.
Lugonu was greatly pleased with you.
You were not hungry.

You visited 1 branch of the dungeon, and saw 8 of its levels.
You visited the Abyss 1 time.

You collected 484 gold pieces.

Inventory:

Hand Weapons
 a - a +1 hand axe
 s - a +0 war axe
 u - a +8 whip (weapon)
 D - a +0 spear of piercing
 H - a +2 whip of venom
 J - a +1 whip of freezing
Armour
 n - a +2 hat (worn)
 q - a +1 pair of boots (worn)
 t - a +2 cloak (worn)
 B - a +0 shield (worn)
 L - a +0 plate armour (worn)
Jewellery
 e - a +4 amulet of reflection (around neck)
 i - a ring of magical power (left claw)
Scrolls
 g - 2 scrolls of magic mapping
 l - 2 scrolls of remove curse
 C - 2 scrolls of identify
Potions
 h - a potion of agility {unknown}
 j - 2 potions of cancellation
 k - 2 potions of might {unknown}
 m - a potion of haste {unknown}
 o - 2 potions of mutation {unknown}
 p - 2 potions of curing {unknown}
 r - a potion of magic {unknown}
 v - a potion of ambrosia {unknown}
 w - a potion of brilliance {unknown}
 x - 2 potions of cure mutation {unknown}
 z - a potion of lignification {unknown}
 A - 2 potions of heal wounds
 E - a potion of flight {unknown}
 I - a potion of degeneration {unknown}
Books
 F - a book of Minor Magic

   Spells                             Type                      Level
   a - Magic Dart                     Conjuration                  1
   b - Blink                          Translocation                2
   c - Call Imp                       Summoning                    2
   d - Repel Missiles                 Charms/Air                   2
   e - Slow                           Hexes                        2
   f - Conjure Flame                  Conjuration/Fire             3
   g - Mephitic Cloud                 Conjuration/Poison/Air       3
 G - a book of Air

   Spells                             Type                      Level
   a - Shock                          Conjuration/Air              1
   b - Swiftness                      Charms/Air                   2
   c - Repel Missiles                 Charms/Air                   2
   d - Static Discharge               Conjuration/Air              3
   e - Lightning Bolt                 Conjuration/Air              5
Comestibles
 b - a slice of pizza
 c - 3 meat rations
 f - 4 beef jerkies


   Skills:
 + Level 7.0 Fighting
 + Level 4.3(6.6) Axes
 + Level 7.8(8.3) Maces & Flails
 + Level 5.7 Armour
 + Level 3.4 Dodging
 + Level 1.3 Stealth
 + Level 5.7 Shields
 + Level 2.1 Invocations


You had 9 spell levels left.
You didn't know any spells.

Dungeon Overview and Level Annotations

Branches:
Dungeon (8/15)             Temple (0/1) D:7            Lair (0/6) D:8

Altars:
Cheibriados
Elyvilon
Hepliaklqana
Makhleb
Sif Muna
Trog
Vehumet

Shops:
D:6 *

Annotations:
D:8 Joseph


Innate Abilities, Weirdness & Mutations

Your body is rotting away.
You thrive on raw meat.
You are immune to poison.
You have sharp fingernails.
You are carnivorous and can eat meat at any time.
Your flesh is cold resistant. (rC+)
You are immune to negative energy. (rN+++)
You regenerate slowly when monsters are visible.
You are immune to unholy pain and torment.
You can survive without breathing.


Message History

You block the komodo dragon's attack.
You hit the komodo dragon but do no damage.
The komodo dragon is heavily wounded.
The komodo dragon bites you but does no damage.
You hit the komodo dragon.
The komodo dragon is heavily wounded.
The komodo dragon bites you!!
Your plate armour prevents you from hitting the komodo dragon.
The komodo dragon is heavily wounded.
The komodo dragon bites you.
You hit the komodo dragon.
The komodo dragon is severely wounded.
You whack the komodo dragon!
The komodo dragon is almost dead.
The komodo dragon bites you!!
* * * LOW HITPOINT WARNING * * *
You completely miss the komodo dragon.
The komodo dragon is almost dead.
The komodo dragon bites you!!
You die... ....#.PPP..P# ....... ......PP.>.P# YY.....

......PP...P# ..Y....
#.....P..PP# ..@..YY
#...P..PPPP# .##....
#......PPPP# #$...
#..#....PPP# #.... #.
#..l..PP# #....
##.@.PP## ##... ##...##
.... ##.## ..... #..#
...######.####
..............##
................#
.................# ..
...........####...##...


You could see a komodo dragon.

Vanquished Creatures
  Pikel (D:6)
  A gargoyle (D:7)
  Grinder (D:6)
  A hornet (D:7)
  A hippogriff (D:8)
  Sigmund (D:5)
  A spriggan (D:7)
  Eustachio (D:6)
  Menkaure (D:5)
  Edmund (D:5)
  A water moccasin (D:7)
  Duvessa (D:6)
  An orc warrior (D:6)
  A phantom (D:7)
  4 ogres
  2 necrophages
  2 bullfrogs (D:7)
  Dowan (D:6)
  A scorpion (D:7)
  3 crimson imps
  5 hounds
  5 orc priests
  4 iguanas
  Natasha (twice) (D:2)
  7 worker ants
  A killer bee zombie (D:7)
  A worker ant zombie (D:6)
  4 gnolls (D:5)
  5 adders
  An adder zombie (D:5)
  4 worms
  A dart slug (D:3)
  5 leopard geckos
  15 orcs
  3 giant cockroaches (D:1)
  13 hobgoblins
  13 jackals
  6 kobolds
  3 quokkas
  6 bats
  7 frilled lizards
  16 goblins
  A leopard gecko zombie (D:7)
  A quokka skeleton (D:7)
  9 rats
165 creatures vanquished.

Vanquished Creatures (others)
  4 centaurs (D:8)
  A leopard gecko (D:6)
  A plant (D:8)
6 creatures vanquished.

Grand Total: 171 creatures vanquished

Notes
Turn   | Place    | Note
-------+----------+-------------------------------------------
     0 | Abyss:1  | Gargoyl the Ghoul Abyssal Knight began the quest for the Orb.
     0 | Abyss:1  | Reached XP level 1. HP: 19/19 MP: 1/1
    72 | Abyss:1  | Noticed a neqoxec
    73 | D:1      | Escaped the Abyss
    95 | D:1      | Reached * piety under Lugonu
   235 | D:1      | Reached XP level 2. HP: 27/27 MP: 2/2
   273 | D:1      | You fall through a shaft!
   339 | D:1      | Reached skill level 1 in Dodging
   460 | D:1      | Reached XP level 3. HP: 33/33 MP: 3/3
   919 | D:1      | Reached ** piety under Lugonu
   969 | D:2      | Reached XP level 4. HP: 17/40 MP: 4/4
  1361 | D:2      | Noticed Natasha
  1380 | D:2      | Killed Natasha
  1535 | D:2      | Reached XP level 5. HP: 46/46 MP: 5/5
  1576 | D:2      | Noticed Natasha
  1591 | D:2      | Killed Natasha
  2106 | D:3      | Found a snail-covered altar of Cheibriados.
  2139 | D:3      | Found a hazy altar of Hepliaklqana.
  2139 | D:3      | Found a burning altar of Makhleb.
  2569 | D:4      | Reached XP level 6. HP: 51/53 MP: 6/6
  2682 | D:4      | Reached skill level 1 in Maces & Flails
  2783 | D:4      | Reached *** piety under Lugonu
  2985 | D:4      | Reached XP level 7. HP: 58/60 MP: 7/7
  3105 | D:5      | Entered Level 5 of the Dungeon
  3209 | D:5      | Noticed Edmund
  3227 | D:5      | Killed Edmund
  3227 | D:5      | Reached skill level 5 in Fighting
  3396 | D:5      | Noticed Menkaure
  3409 | D:5      | Killed Menkaure
  3642 | D:5      | Noticed Sigmund
  3654 | D:5      | Killed Sigmund
  3654 | D:5      | Reached XP level 8. HP: 52/69 MP: 8/8
  4059 | D:6      | Noticed Eustachio
  4070 | D:6      | Killed Eustachio
  4070 | D:6      | Reached skill level 1 in Stealth
  4085 | D:6      | Noticed Dowan
  4086 | D:6      | Noticed Duvessa
  4109 | D:6      | Killed Duvessa
  4109 | D:6      | Reached skill level 5 in Maces & Flails
  4109 | D:6      | Reached skill level 1 in Shields
  4110 | D:6      | Killed Dowan
  4157 | D:6      | Found a white marble altar of Elyvilon.
  4157 | D:6      | Noticed Grinder
  4168 | D:6      | Paralysed by Grinder for 5 turns
  4178 | D:6      | Killed Grinder
  4227 | D:6      | Noticed Pikel
  4253 | D:6      | Killed Pikel
  4253 | D:6      | Reached XP level 9. HP: 52/75 MP: 9/9
  4658 | D:6      | Found a bloodstained altar of Trog.
  4713 | D:6      | Found a deep blue altar of Sif Muna.
  4724 | D:6      | Found Evi Afrum's General Store.
  4942 | D:7      | Noticed a hornet
  5169 | D:7      | Reached **** piety under Lugonu
  5202 | D:7      | Found a radiant altar of Vehumet.
  5245 | D:7      | Noticed a gargoyle
  5248 | D:7      | Found a staircase to the Ecumenical Temple.
  5281 | D:7      | Killed a gargoyle
  5373 | D:7      | Reached skill level 5 in Armour
  5445 | D:7      | Reached XP level 10. HP: 63/84 MP: 10/10
  5503 | D:7      | Reached skill level 5 in Shields
  6189 | D:8      | Noticed Joseph
  6276 | D:8      | Found a staircase to the Lair.
  6301 | D:8      | Mangled by a komodo dragon

Skill      XL: |  1  2  3  4  5  6  7  8  9 10 |
---------------+-------------------------------+-----
Armour         | 2 3 4 5 |  5.7
Dodging        | 1 2 3 |  3.4
Axes           | 2 3 4 |  4.3
Fighting       | 4 5 6 7 |  7.0
Maces & Flails | 1 3 6 7 |  7.8
Stealth        | 1 |  1.3
Shields        | 3 4 5 |  5.7
Invocations    | |  2.1

Action                   |  1- 3 |  4- 6 |  7- 9 | 10-12 || total
-------------------------+-------+-------+-------+-------++-------
Melee: Hand axe          |   121 |    94 |       |       ||   215
       Whip              |       |   107 |   357 |   117 ||   581
Invok: Depart the Abyss  |     1 |       |       |       ||     1
       Bend Space        |       |       |     1 |     1 ||     2
  Use: Scroll            |     3 |     9 |     4 |     3 ||    19
       Potion            |     1 |       |       |       ||     1
  Eat: Chunk             |    19 |    31 |    32 |     6 ||    88
Armor: Leather armour    |    52 |    47 |       |       ||    99
       Chain mail        |       |    32 |   177 |     7 ||   216
       Plate armour      |       |       |       |    65 ||    65
Dodge: Dodged            |   118 |   101 |    72 |    11 ||   302
Block: Other             |    38 |    29 |     9 |       ||    76
       Reflection        |     3 |     1 |     3 |    22 ||    29
       Shield            |       |       |   161 |    79 ||   240
